 Dungeon Crawl Stone Soup version 0.01-2161-g8ec87df2bd (webtiles) character file.

Game seed: 17204039513868049618, levelgen mode: deterministic

1499 KleinerIrrer the Zephyrmancer (level 8, 0/5 HPs) Fairy Air Elementalist. Began on July 1, 2020. Slain by a harpy skeleton (1 damage) ... on level 4 of the Dungeon. The game lasted 00:18:12 (3189 turns).

KleinerIrrer the Zephyrmancer (FaAE)                Turns: 3189, Time: 00:18:12

Health: 0/5        AC:  0    Str:  2    XL:     8 ^: 656
Magic:  2/3        EV: 26    Int: 20    God:
Gold:   1657       SH:  0    Dex: 20    Spells: 7/22 levels left

rFire    . . .     Vision   .   p - amulet of the acrobat
rCold    . . .     Gourm    .
rNeg     . . .     Faith    .
rPois    .         Spirit   .
rElec    +         Reflect  .
rCorr    .         Harm     .
MR       +....
Stlth    +.........
HPRegen  0.11/turn
MPRegen  0.13/turn

@: flying, glowing, slow
A: tiny, no armour or weapons, only one jewelry slot, no melee attacks, fairy
magic, fairy shield, fairy light, decreased potion and divine healing, agile 1,
blink, electricity resistance, slowness 1, able to fly, insubstantial
a: Stop Flying, Blink


You were on level 4 of the Dungeon.
You were hungry.

You visited 1 branch of the dungeon, and saw 4 of its levels.

You collected 1657 gold pieces.

Inventory:

Jewellery
 c - an uncursed ring of strength
 i - a cursed amulet of the gourmand {(Curse: Fragile)}
 p - an amulet of the acrobat (around core)
Wands
 o - a wand of flame (14)
Scrolls
 a - 2 scrolls of fear
 g - 3 scrolls of enchantment
 h - 4 scrolls of teleportation
 j - 2 scrolls of fog
 l - 4 scrolls of magic mapping
Potions
 d - a potion of magic
 e - 2 potions of heal wounds
 f - 3 potions of curing
 k - 2 potions of invisibility
 m - 2 potions of resistance
 n - a potion of might
 q - 4 potions of haste
 r - a potion of cancellation
 s - a potion of agility
Comestibles
 b - 8 rations


   Skills:
 + Level 3.7 Dodging
 - Level 1.8 Stealth
 + Level 7.9 Spellcasting
 + Level 8.3 Air Magic


You had 7 spell levels left.
You knew the following spells:

 Your Spells              Type           Power        Failure   Level  Hunger
a - Shock                 Air            25 (25)      1%          1    None
b - Static Discharge      Air            41 (100)     1%          3    None
c - Swiftness             Chrm/Air       24 (100)     2%          2    None
d - Airstrike             Air            41 (200)     2%          4    ###....
e - Lightning Bolt        Air            41 (200)     8%          5    #####..

Your spell library contained the following spells:

 Spells                   Type           Power        Failure   Level  Hunger
 Silence                  Hex/Air        24 (200)     38%         5    #####..
 Summon Lightning Spire   Summ/Air       24 (100)     38%         5    #####..
 Conjure Ball Lightning   Air            41 (200)     38%         6    ######.
 Deflect Missiles         Chrm/Air       24 (200)     93%         6    ######.
 Tornado                  Air            41 (200)     100%        9    #######


Dungeon Overview and Level Annotations

Branches:
Dungeon (4/8)
 Temple: D:4

Altars:
Makhleb


Innate Abilities, Weirdness & Mutations

You are too small to use any gear.
You can wear a single ring or amulet completely around your body.
You are incapable of melee of any kind.
Your magic reserves are extremely low but spells that normally cost one mana are free and all other spells cost one mana.
You are extremely frail but all attacks that strike you do exactly one damage.
You exude a bright light in a small radius around yourself.
The effect of potions and godly healing effects is reduced to match your tiny health and magic reserves.
You cover ground slowly.
You can fly continuously.
Your insubstantial form boosts your evasion and grants immunity to sticky flames, nets and constriction.
You are agile. (Dex +2)
You can translocate small distances at will.
You are resistant to electric shocks. (rElec)


Message History

The harpy skeleton completely misses you (0). x3
The harpy skeleton misses you (0).
Casting: Shock (safe; 1% risk of failure)
Confirm with . or Enter, or press ? or * to list all spells.
Okay, then.
Casting: Shock (safe; 1% risk of failure)
Confirm with . or Enter, or press ? or * to list all spells.
Aiming: Airstrike (safe; 2% risk of failure)
Press: ? - help, Dir - move target cursor, f/p - harpy skeleton
Aim: a harpy skeleton (lightly damaged (48/57), haloed)
The air twists around and violently strikes the harpy skeleton (15)!
The harpy skeleton is heavily damaged. (33/57) HP You are feeling hungry.
The harpy skeleton completely misses you (0).
The harpy skeleton claws you (6).
* * * LOW HITPOINT WARNING * * *
The harpy skeleton misses you (0).
The harpy skeleton completely misses you (0).
The harpy skeleton claws you (6).
You die...

#........#
#.........
#.........
#†.......#
#........#
#........#
#.Z......#
#<@......#
#........#
#........#
#........#
#........#
#......=.#
#........#
#........#


You could see a harpy skeleton.

Vanquished Creatures
  2 guardian mummies (D:3)
  A crocodile (D:2)
  A big kobold (D:2)
  11 scorpions (D:3)
  A howler monkey (D:3)
  An orc priest (D:3)
  2 mummies (D:3)
  An iguana (D:3)
  An iron imp (D:3)
  A porcupine zombie (D:3)
  5 adders
  6 sewer rats (D:2)
  10 worms
  15 cinder newts
  3 worker ant zombies (D:3)
  A hound skeleton (D:3)
  A hound zombie (D:3)
  4 oozes
  6 leopard geckos
  4 orcs (D:3)
  An adder skeleton (D:2)
  An adder zombie (D:3)
  A cinder newt skeleton (D:2)
  4 giant cockroaches
  5 goblins (D:1)
  3 hobgoblins (D:1)
  4 jackals (D:3)
  9 kobolds
  A quokka (D:4)
  A ball python (D:2)
  6 bats
  A jackal zombie (D:3)
  A kobold skeleton (D:2)
  A leopard gecko zombie (D:3)
  4 quokka zombies (D:3)
  3 rats (D:1)
  3 withered plants (D:2)
126 creatures vanquished.

Vanquished Creatures (others)
  A sewer rat (D:2)
  A bat (D:2)
  90 withered plants (D:2)
92 creatures vanquished.

Grand Total: 218 creatures vanquished

Notes
Turn   | Place    | Note
-------+----------+-------------------------------------------
     0 | D:1      | KleinerIrrer the Fairy Air Elementalist began the quest for
                  | the Orb.
     0 | D:1      | Reached XP level 1. HP: 3/3 MP: 3/3
   214 | D:1      | Reached XP level 2. HP: 3/3 MP: 3/3
   381 | D:1      | Reached XP level 3. HP: 4/4 MP: 3/3
   740 | D:1      | Learned a level 3 spell: Static Discharge
   743 | D:1      | Learned a level 2 spell: Swiftness
   782 | D:2      | Reached skill level 4 in Air Magic
   789 | D:2      | Noticed a big kobold
   804 | D:2      | Killed a big kobold
   804 | D:2      | Reached XP level 4. HP: 3/4 MP: 3/3
   865 | D:2      | Reached XP level 5. HP: 2/4 MP: 3/3
   915 | D:2      | Reached skill level 5 in Air Magic
   993 | D:2      | Reached XP level 6. HP: 5/5 MP: 3/3
   999 | D:2      | Learned a level 4 spell: Airstrike
  1476 | D:2      | Reached skill level 5 in Spellcasting
  2222 | D:3      | Reached skill level 6 in Air Magic
  2329 | D:3      | Gained mutation: You are resistant to electric shocks.
                  | (rElec) [potion of mutation]
  2329 | D:3      | Gained mutation: You are agile. (Dex +2) [potion of
                  | mutation]
  2329 | D:3      | Gained mutation: You can translocate small distances at
                  | will. [potion of mutation]
  2385 | D:3      | Reached XP level 7. HP: 5/5 MP: 3/3
  2415 | D:3      | Found a burning altar of Makhleb.
  2708 | D:3      | Reached skill level 7 in Air Magic
  2856 | D:3      | Reached XP level 8. HP: 5/5 MP: 3/3
  2864 | D:3      | Learned a level 5 spell: Lightning Bolt
  2982 | D:3      | Reached skill level 8 in Air Magic
  3035 | D:3      | Identified a scroll of acquirement
  3093 | D:3      | Identified the amulet "Keoxuodd" {Faith *Drain rElec rN+
                  | Int+5} (You acquired it on level 3 of the Dungeon)
  3097 | D:3      | Identified the ring of Reimm {Wiz Slay+2} (You acquired it
                  | on level 3 of the Dungeon)
  3189 | D:4      | Slain by a harpy skeleton

Levels and vault maps discovered:
D:1:      scummos_arrival_forest, layout_basic
D:2:      layout_sewer, first_ration
D:3:      ossuary_minmay_chase, layout_basic, lemuel_crystal_altar,
          chequers_serial_rivers_micro_c
D:4:      layout_long_grid, old_standard_altar, minmay_temple_entry_waves

Skill      XL: |  1  2  3  4  5  6  7  8 |
---------------+-------------------------+-----
Dodging        | 3 |  3.7
Spellcasting   | 3 4 5 7 |  7.9
Air Magic      | 4 5 6 7 8 |  8.3
Stealth        | |  1.8

Action                   |  1- 3 |  4- 6 |  7- 9 || total
-------------------------+-------+-------+-------++-------
 Cast: Shock             |    68 |   144 |   142 ||   354
       Static Discharge  |       |     5 |     7 ||    12
       Swiftness         |       |     2 |     1 ||     3
       Airstrike         |       |       |     5 ||     5
 Abil: Fly               |       |     1 |       ||     1
  Use: Potion            |       |     1 |     1 ||     2
       Scroll            |       |       |     2 ||     2
  Eat: Chunk             |       |     6 |     3 ||     9
Dodge: Dodged            |     9 |    36 |   129 ||   174
